 Dungeon Crawl Stone Soup version 0.31-a0-986-g5e6e4ef867 (webtiles) character file.

Game seed: 3091891327953537997

823 Xavori the Trooper (level 8, -3/58 HPs)
             Began as a Djinni Chaos Knight on Nov 7, 2023.
             Was a Plaything of Xom.
             Slain by a gnoll
             ... wielding a +0 spear
              (7 damage)
             ... on level 4 of the Dungeon.
             The game lasted 00:04:16 (6829 turns).

Xavori the Trooper (Djinni Chaos Knight)            Turns: 6829, Time: 00:04:16

Health: -3/58      AC:  5    Str: 11    XL:     8   Next: 17%
Gold:   581        EV: 12    Int: 15    God:    Xom [.*....] SH:  4 Dex: 14

rFire   + + .        a - +1 falchion (chaos)
rCold   x . .        q - +0 buckler
rNeg    . . .        b - +2 leather armour
rPois   ∞            (helmet restricted)
rElec   .            (no cloak)
rCorr   .            (no gloves)
SInv    .            (boots unavailable)
Will    +....        (no amulet)
Stlth   +            h - ring of willpower
HPRegen 0.29/turn    (no ring)
MPRegen 0.00/turn

%: infuse magic (-4 HP)
@: flying
A: sickness immunity, fire resistance 2, cold vulnerability 1, float, innate
caster, HP casting, extra vitality 1, horns 2
a: Renounce Religion


You were on level 4 of the Dungeon.
You worshipped Xom.
You were a plaything of Xom.
You visited 1 branch of the dungeon, and saw 4 of its levels.

You collected 1029 gold pieces.
You spent 448 gold pieces at shops.

Inventory:

Hand Weapons
 a - a +1 falchion of chaos (weapon)
Armour
 b - a +2 leather armour (worn)
 q - a +0 buckler (worn)
Jewellery
 h - a ring of willpower (left hand)
Wands
 j - a wand of quicksilver (2)
Scrolls
 c - a scroll of butterflies
 d - 2 scrolls of revelation
 e - a scroll of fog
 f - a scroll of enchant armour {unknown}
 g - a scroll of torment
 k - 2 scrolls of poison
 l - 4 scrolls of teleportation
 m - a scroll of silence
 n - 3 scrolls of identify
 p - 2 scrolls of fear
Potions
 i - a potion of brilliance {unknown}
 o - a potion of might {unknown}


   Skills:
 + Level 4.4 Fighting
 + Level 4.0 Long Blades
 + Level 3.3 Armour
 + Level 4.2 Dodging
 * Level 3.0 Spellcasting
 * Level 3.0 Conjurations
 * Level 3.0 Hexes
   Level 0.0 Charms
 * Level 3.0 Summonings
 * Level 3.0 Necromancy
 * Level 3.0 Translocations
 * Level 3.0 Transmutations
 * Level 3.0 Fire Magic
 * Level 3.0 Ice Magic
 * Level 3.0 Air Magic
 * Level 3.0 Earth Magic
 * Level 3.0 Poison Magic
 + Level 2.8 Evocations


You knew the following spells:

 Your Spells              Type           Power      Damage    Failure   Level
a - Foxfire               Conj/Fire      44%        2x1d6     11%         1
b - Call Imp              Summ           22%        N/A       17%         2
c - Sigil of Binding      Hex            11%        N/A       32%         3
Your spell library was empty.

Dungeon Overview and Level Annotations

Branches:
Dungeon (4/15)
 Temple: D:4-7

Altars:
Elyvilon
Okawaru
Uskayaw
Xom
Yredelemnul


Innate Abilities, Weirdness & Mutations

You are immune to sickness and miasma.
You are immune to poison.
Your flesh is very heat resistant. (rF++)
You are vulnerable to cold. (rC-)
You float through the air rather than walking.
You learn spells naturally, not from books.
Your magical power is your life essence.
You have superior vitality. (+4 MHP)
You have a pair of horns on your head.


Message History

The gnoll closely misses you. The gnoll hits you but does no damage.
The goblin misses you.
You hit the gnoll.
You kill the gnoll!
The goblin hits you but does no damage.
The gnoll hits you from afar with a +0 spear.
The gnoll misses you. The goblin hits you but does no damage.
You hit the goblin.
The goblin is poisoned.
You headbutt the goblin.
You kill the goblin!
The gnoll hits you from afar with a +0 spear.
Unknown command.
You are too injured to fight recklessly!
Unknown command.
You are too injured to fight recklessly!
Unknown command.
You are too injured to fight recklessly!
The gnoll hits you but does no damage.
Things that are here:
a +0 club; a +0 club; a goblin corpse You hit the gnoll.
The gnoll is heavily wounded.
You block the gnoll's attack.
You hit the gnoll but do no damage.
The gnoll is moderately wounded.
The gnoll hits you with a +0 spear!
You hit the gnoll but do no damage.
You headbutt the gnoll, but do no damage.
The gnoll is moderately wounded.
The gnoll hits you with a +0 spear!
* * * LOW HITPOINT WARNING * * *
You emit a cloud of colourful smoke!
You closely miss the gnoll.
The gnoll is moderately wounded.
You block the gnoll's attack.
You hit the gnoll.
The gnoll goes berserk!
The gnoll is almost dead.
The gnoll hits you with a +0 spear!
* * * LOW HITPOINT WARNING * * *
The gnoll hits you with a +0 spear!
You die...

...........# ..(........#...
...........#... #..
.####....####.. ####..~
#####....####..###....?~§
#.......#............§§§
#.......#............~§§
#.......#.....§<§....~~§
#.......#.....g@).....~~
####...#########...##..
#...###..####...###...
#.............).......
#..................... ...
#..................... ..
######..##########...# .#
##..###..###....#####+####.#
#..........................#


You could see a gnoll (berserk).

Vanquished Creatures
  Pikel (D:4)
  Sigmund (D:4)
  An orc wizard (D:3)
  4 gnolls
  An adder (D:2)
  2 worms (D:2)
  3 orcs (D:3)
  7 ball pythons
  3 bats
  9 endoplasms
  6 goblins
  13 hobgoblins
  2 jackals (D:1)
  5 kobolds
  2 quokkas (D:2)
  3 frilled lizards
  9 rats
72 creatures vanquished.

Vanquished Creatures (collateral kills)
  An orc wizard (D:3)
  6 orcs (D:3)
  A bat (D:3)
  A kobold (D:3)
9 creatures vanquished.

Grand Total: 81 creatures vanquished

Notes
Turn   | Place    | Note
-------+----------+-------------------------------------------
     0 | D:1      | Xavori the Djinni Chaos Knight began the quest for the Orb.
     0 | D:1      | Reached XP level 1. HP: 20/20 MP: 0/0
    72 | D:1      | XOM: noise
   260 | D:1      | Reached XP level 2. HP: 14/25 MP: 0/0
   315 | D:1      | XOM: divination: detect items
   511 | D:1      | Reached XP level 3. HP: 30/30 MP: 0/0
   511 | D:1      | Learned a level 1 spell: Foxfire
  1050 | D:1      | XOM: noise
  1646 | D:1      | XOM: god gift: 6 stones
  2047 | D:1      | XOM: give mutations
  2047 | D:1      | Gained mutation: You have a pair of small horns on your
                  | head. [Xom's grace]
  2047 | D:1      | Gained mutation: You have a pair of horns on your head.
                  | [Xom's grace]
  2501 | D:1      | XOM: scenery: 2 doors close
  2536 | D:1      | XOM: scenery: 2 doors open
  2713 | D:1      | XOM: god gift: scroll labelled UDWYSTR EGUNUT {god gift}
  2981 | D:1      | XOM: scenery: 2 doors close
  3672 | D:1      | XOM: scenery: 2 doors open
  4170 | D:1      | XOM: god gift: sapphire potion {god gift}
  4310 | D:1      | XOM is BORED!
  4310 | D:1      | XOM: torment (16/30 hp)
  4562 | D:1      | XOM: scenery: 2 doors close
  4801 | D:1      | XOM: scenery: 2 doors open
  4892 | D:1      | XOM: divination: detect creatures
  5006 | D:1      | XOM: god gift: wand of quicksilver (6)
  5085 | D:1      | XOM: torment (16/30 hp)
  5477 | D:2      | XOM: 9-stop teleportation journey
  5519 | D:2      | Reached skill level 1 in Spellcasting
  5519 | D:2      | Reached skill level 1 in Conjurations
  5519 | D:2      | Reached skill level 1 in Hexes
  5519 | D:2      | Reached skill level 1 in Summonings
  5519 | D:2      | Reached skill level 1 in Necromancy
  5519 | D:2      | Reached skill level 1 in Translocations
  5519 | D:2      | Reached skill level 1 in Transmutations
  5519 | D:2      | Reached skill level 1 in Fire Magic
  5519 | D:2      | Reached skill level 1 in Ice Magic
  5519 | D:2      | Reached skill level 1 in Air Magic
  5519 | D:2      | Reached skill level 1 in Earth Magic
  5519 | D:2      | Reached skill level 1 in Poison Magic
  5575 | D:2      | XOM: cloud trail
  5589 | D:2      | XOM: god gift: scroll labelled HUSUDA XAMASAE {god gift}
  5619 | D:2      | Reached XP level 4. HP: 34/35 MP: 0/0
  5864 | D:2      | Found a basalt altar of Yredelemnul.
  5893 | D:3      | XOM: summons friendly ice devil
  5895 | D:3      | Found a white marble altar of Elyvilon.
  5937 | D:3      | Reached skill level 1 in Evocations
  5937 | D:3      | Reached XP level 5. HP: 28/40 MP: 0/0
  5937 | D:3      | Learned a level 2 spell: Call Imp
  6061 | D:3      | XOM: scenery: create altars
  6168 | D:3      | Found an iron altar of Okawaru.
  6241 | D:3      | Found a hide-covered altar of Uskayaw.
  6292 | D:3      | Found a shimmering altar of Xom.
  6637 | D:4      | XOM: stealth player
  6645 | D:4      | Noticed a lemure
  6646 | D:4      | Noticed Pikel
  6646 | D:4      | Noticed a lemure
  6646 | D:4      | Noticed a lemure
  6647 | D:4      | Noticed a lemure
  6651 | D:4      | XOM: cleaving
  6665 | D:4      | Killed Pikel
  6666 | D:4      | Reached XP level 6. HP: 41/47 MP: 0/0
  6666 | D:4      | Reached XP level 7. HP: 45/52 MP: 0/0
  6666 | D:4      | Learned a level 3 spell: Sigil of Binding
  6763 | D:4      | Found Coruor's Magic Scroll Shoppe.
  6770 | D:4      | Bought a scroll of identify for 26 gold pieces
  6770 | D:4      | Bought a scroll of identify for 26 gold pieces
  6770 | D:4      | Bought a scroll of identify for 26 gold pieces
  6770 | D:4      | Bought a scroll of teleportation for 39 gold pieces
  6770 | D:4      | Bought a scroll of identify for 26 gold pieces
  6772 | D:4      | Identified a scroll of acquirement
  6774 | D:4      | Identified the "Yphias" (You acquired it on level 4 of the
                  | Dungeon)
  6774 | D:4      | Acquired 861 gold pieces
  6776 | D:4      | Bought a scroll of revelation for 97 gold pieces
  6776 | D:4      | Bought 2 scrolls of poison for 104 gold pieces
  6776 | D:4      | Bought a scroll of identify for 26 gold pieces
  6776 | D:4      | Bought a scroll of fear for 52 gold pieces
  6776 | D:4      | Bought a scroll of identify for 26 gold pieces
  6802 | D:4      | Noticed Sigmund
  6807 | D:4      | XOM: enchant monster (good)
  6810 | D:4      | Killed Sigmund
  6811 | D:4      | Reached XP level 8. HP: 55/58 MP: 0/0
  6827 | D:4      | XOM: smoke on damage
  6829 | D:4      | Slain by a gnoll

Illustrated notes

Levels and vault maps discovered:
D:1:      minmay_arrival_stair_chambers, layout_basic, hangedman_glass_teeth
D:2:      layout_basic, basic_altar
D:3:      layout_loops_ring, elyvilon_altar_5, mainiacjoe_overflow_alcove_2,
          eat_drink_and_be_merry_uskayaw, okawaru_altar_gauntlet_db
D:4:      layout_gridville, minmay_temple_entry_mist, serial_shops,
          shop_fountains, grunt_decor_junction, uniq_sigmund, uniq_eustachio,
          uniq_pikel

Skill      XL: |  1  2  3  4  5  6  7  8 |
---------------+-------------------------+-----
Spellcasting   | 1 2 3 |  3.0
Conjurations   | 1 2 3 |  3.0
Hexes          | 1 2 3 |  3.0
Summonings     | 1 2 3 |  3.0
Necromancy     | 1 2 3 |  3.0
Translocations | 1 2 3 |  3.0
Transmutations | 1 2 3 |  3.0
Fire Magic     | 1 2 3 |  3.0
Ice Magic      | 1 2 3 |  3.0
Air Magic      | 1 2 3 |  3.0
Earth Magic    | 1 2 3 |  3.0
Poison Magic   | 1 2 3 |  3.0
Long Blades    | 3 4 |  4.0
Evocations     | 1 2 |  2.8
Armour         | 3 |  3.3
Dodging        | 3 4 |  4.2
Fighting       | 4 |  4.4

Action                     |  1- 3 |  4- 6 |  7- 9 || total
---------------------------+-------+-------+-------++-------
  Melee: Falchion          |    86 |    84 |    24 ||   194
         Headbutt          |     3 |     9 |     6 ||    18
  Evoke: Wand              |       |     4 |       ||     4
    Use: Scroll            |     2 |     2 |     5 ||     9
   Stab: Sleeping          |     3 |       |       ||     3
         Paralysed         |       |     1 |       ||     1
 Armour: Leather armour    |    47 |    59 |    20 ||   126
  Dodge: Dodged            |    55 |    53 |    14 ||   122
  Block: Buckler           |       |       |     3 ||     3

Table legend: (Time is in decaauts)
 A = Elapsed time spent in this place.
 B = Non-inter-level travel time spent in this place.
 C = Inter-level travel time spent in this place.
 D = Time resting spent in this place.
 E = Time spent auto-exploring this place.
 F = Levels seen in this place.
 G = Mean time per level.
                   A        B        C        D        E       F      G
               +--------+--------+--------+--------+--------+-----+--------+
         Total |   6859 |   6797 |     62 |   4493 |   1805 |   4 | 1714.8 |
       Dungeon |   6859 |   6797 |     62 |   4493 |   1805 |   4 | 1714.8 |
               +--------+--------+--------+--------+--------+-----+--------+

Top non-repeatable levels by time:
     D:1: 5263 daAuts
     D:3: 758 daAuts
     D:2: 642 daAuts
     D:4: 195 daAuts
